 Dungeon Crawl Stone Soup version 0.27-a0-1200-g94dc6ad4cf (webtiles) character file.

Game seed: 238826603852071784

8739 quinnr the Thaumaturge (level 11, -3/81 HPs)
             Began as a Djinni Ice Elementalist on May 31, 2021.
             Was a Follower of Makhleb.
             Slain by a death yak (18 damage)
             ... on level 10 of the Dungeon.
             The game lasted 00:56:58 (18574 turns).

quinnr the Thaumaturge (Djinni Ice Elementalist)   Turns: 18574, Time: 00:56:59

Health: -3/81      AC: 13    Str: 10    XL:     11   Next: 61%
Gold:   436        EV: 13    Int: 21    God:    Makhleb [*.....] SH:  0 Dex: 13

rFire    + + .     SeeInvis +   b - +3 whip (venom)
rCold    x . .     Faith    .   (no shield)
rNeg     . . .     Spirit   .   E - +1 acid dragon scales
rPois    ∞         Reflect  .   F - +2 hat
rElec    .         Harm     .   s - +0 cloak
rCorr    +         Rampage  .   B - +2 pair of gloves
Will     ++...                  (boots unavailable)
Stlth    +++.......             (no amulet)
HPRegen  0.23/turn              p - ring of the Swan {Str+3 SInv}
MPRegen  0.00/turn              r - ring of willpower

@: flying
A: sickness immunity, fire resistance 2, cold vulnerability 1, float, innate
caster, hp casting, extra vitality 1
a: Renounce Religion


You were on level 10 of the Dungeon.
You worshipped Makhleb.
Makhleb was aware of your devotion.
You visited 2 branches of the dungeon, and saw 11 of its levels.

You collected 637 gold pieces.
You spent 201 gold pieces at shops.

Inventory:

Hand Weapons
 b - a +3 whip of venom (weapon)
 c - a +0 dagger of venom
 D - the +2 mace "Cyedgh" {drain, rElec SInv Stlth-}
   (You found it on level 7 of the Dungeon)

   A truly terrible weapon, it drains the life of those it strikes.
   It insulates you from electricity.
   It lets you see invisible.
   It makes you less stealthy.
Missiles
 e - 257 stones
 k - 22 poisoned darts (quivered)
 n - 3 throwing nets
 q - 7 silver javelins
Armour
 a - a +0 robe
 s - a +0 cloak (worn)
 B - a +2 pair of gloves (worn)
 E - +1 acid dragon scales (worn)
 F - a +2 hat (worn)
Jewellery
 f - an amulet of faith
 p - the ring of the Swan (left hand) {Str+3 SInv}
   (You found it on level 4 of the Dungeon)

   [ring of see invisible]

   It affects your strength (+3).
   It lets you see invisible.
 r - a ring of willpower (right hand)
 v - a ring of protection from fire
 y - an amulet of magic regeneration
 C - a ring of resist corrosion
Wands
 h - a wand of polymorph (17)
 H - a wand of flame (12)
 I - a wand of acid (19)
Scrolls
 g - 6 scrolls of teleportation
 i - a scroll of fear
 l - 2 scrolls of immolation
 x - a scroll of enchant weapon
 G - a scroll of blinking
 J - a scroll of identify
Potions
 d - 2 potions of degeneration
 j - a potion of haste
 m - 2 potions of flight
 o - a potion of attraction
 t - 5 potions of curing
 u - 3 potions of lignification
 w - 4 potions of heal wounds
 z - a potion of magic
 A - a potion of might


   Skills:
 - Level 8.0 Fighting
 - Level 2.0 Maces & Flails
 - Level 4.0 Throwing
 - Level 7.0 Dodging
 - Level 6.0 Stealth
 + Level 8.5 Spellcasting
 - Level 5.2 Evocations


You couldn't memorise any spells.
You knew the following spells:

 Your Spells              Type           Power      Damage    Failure   Level
a - Freeze                Ice            100%       1d11      1%          1
b - Frozen Ramparts       Ice            88%        1d10      1%          3
c - Ozocubu's Armour      Ice            44%        N/A       1%          3
d - Hailstorm             Conj/Ice       44%        3d10      3%          4
e - Metabolic Englaciati  Hex/Ice        22%        N/A       11%         5
f - Summon Small Mammal   Summ           100%       N/A       1%          1
g - Corpse Rot            Necr/Air       N/A        N/A       1%          2
h - Conjure Flame         Conj/Fire      44%        6-21      1%          3
i - Lesser Beckoning      Tloc           22%        N/A       1%          3
j - Summon Forest         Summ/Tloc      22%        N/A       11%         5
Your spell library was empty.

Dungeon Overview and Level Annotations

Branches:
Dungeon (10/15)            Temple (1/1) D:6            Lair (0/6) D:10
    Orc: D:9-12

Altars:
Ashenzari
Cheibriados
Dithmenos
Elyvilon
Fedhas
Gozag
Hepliaklqana
Kikubaaqudgha
Makhleb
Nemelex Xobeh
Okawaru
Qazlal
Ru
Sif Muna
Trog
Uskayaw
Vehumet
Wu Jian
Xom
Yredelemnul
Zin
The Shining One
Beogh

Shops:
D:1 *   D:6 ?*


Innate Abilities, Weirdness & Mutations

You are immune to sickness and miasma.
You are immune to poison.
Your flesh is very heat resistant. (rF++)
You are vulnerable to cold. (rC-)
You float through the air rather than walking.
You learn spells naturally, not from books.
Your magical power is your life essence.
You have superior vitality. (+4 HP)


Message History

The death yak is severely wounded.
The wall freezes the death yak.
The wall freezes the death yak!
The death yak gores you.
Casting: Freeze (safe; 1% risk of failure)
Confirm with . or Enter, or press ? or * to list all spells.
Aiming: Freeze (safe; 1% risk of failure)
Press: ? - help, Shift-Dir - straight line, f/p - death yak
Aim: a death yak (severely wounded)
You freeze the death yak.
The death yak is almost dead.
The death yak is engulfed in blazing flames.
The wall freezes the death yak.
The death yak gores you!
The wall freezes the death yak.
The death yak gores you!
* * * LOW HITPOINT WARNING * * *
Unknown command.
Your icy armour and frozen ramparts will break if you move.
Continue?
Your icy armour cracks and falls away as you move.
The frozen ramparts melt away as you move.
The death yak is engulfed in blazing flames.
Casting: Freeze (safe; 1% risk of failure)
Confirm with . or Enter, or press ? or * to list all spells.
You radiate an aura of cold.
The death yak seems to slow down.
* * * LOW HITPOINT WARNING * * *
The death yak gores you but does no damage.
Unknown command.
The death yak is no longer moving slowly.
Casting: Metabolic Englaciation (dangerous; 11% risk of failure)
Confirm with . or Enter, or press ? or * to list all spells.
The fire begins to smoulder!
* * * LOW HITPOINT WARNING * * *
The death yak smothers the flame.
There is an open door here.
There is an open door here.
Casting: Conjure Flame (safe; 1% risk of failure)
Confirm with . or Enter, or press ? or * to list all spells.
You radiate an aura of cold.
The death yak resists.
The death yak seems to slow down.
* * * LOW HITPOINT WARNING * * *
The death yak gores you!!
You die...

......# #......# #...#
......####
#......########.#####
.........##
#......'........)....
......##..#
#......########.#####
..[...###.###......# #.#
......# #...'......# #.#
†††...# #####.".Y..# #.#
#.##### ####Y### #.# #.###
###@# ##.# #...# #...# #..#
###'###### #.### ##.##
.........#####'##########...#
.........##.........#.....#.#
.........##.........#.###.#.#
.......>.#..........'.# #.#.#
.........#.........(### #.#..
.>.........########## #(###


You could see 2 death yaks.

Vanquished Creatures
  A two-headed ogre (D:5)
  A deep elf pyromancer (D:7)
  An unseen horror (D:10)
  A kobold demonologist (D:10)
  Grinder (D:4)
  A hornet (D:6)
  4 yaks (D:8)
  A wyvern (D:8)
  Grum (D:8)
  3 steam dragons (D:8)
  3 vampire mosquitoes (D:10)
  2 water moccasins
  5 orc warriors
  An ice beast (D:6)
  A sky beast (D:7)
  2 black bears
  4 wolves (D:8)
  A necrophage (D:8)
  5 ogres
  4 centaurs
  Blork the orc (D:4)
  2 wyvern zombies (D:8)
  A gnoll sergeant (D:9)
  2 scorpions (D:5)
  A water moccasin skeleton (D:7)
  6 wights (D:8)
  3 killer bees (D:8)
  3 howler monkeys (D:7)
  2 centaur zombies (D:8)
  A bullfrog zombie (D:6)
  8 orc priests
  3 hounds
  A jelly (D:4)
  A gnoll shaman (D:6)
  10 orc wizards
  4 iguanas
  A killer bee zombie (D:8)
  14 gnolls
  A howler monkey zombie (D:9)
  10 adders
  A shadow imp (D:7)
  A white imp (D:7)
  An ufetubus (D:5)
  A worm (D:2)
  3 dart slugs
  32 orcs
  6 bats
  4 endoplasms
  3 giant cockroaches
  7 goblins
  9 hobgoblins
  14 jackals
  4 quokkas
  6 ball pythons
  5 kobolds
  5 rats
220 creatures vanquished.

Vanquished Creatures (collateral kills)
  Erolcha (D:9)
  Joseph (D:9)
  A wraith (D:8)
  An acid dragon (D:9)
  An orc warrior (D:9)
  5 killer bees (D:9)
  4 wights (D:9)
  A centaur skeleton (D:5)
  A killer bee zombie (D:9)
  A howler monkey zombie (D:7)
  A gnoll (D:9)
  7 orcs (D:9)
  A goblin (D:1)
  A hobgoblin (D:2)
  A quokka skeleton (D:4)
28 creatures vanquished.

Vanquished Creatures (others)
  6 plants
6 creatures vanquished.

Grand Total: 254 creatures vanquished

Notes
Turn   | Place    | Note
-------+----------+-------------------------------------------
     0 | D:1      | quinnr the Djinni Ice Elementalist began the quest for the
                  | Orb.
     0 | D:1      | Reached XP level 1. HP: 15/15 MP: 0/0
   272 | D:1      | Reached skill level 1 in Fighting
   345 | D:1      | Reached XP level 2. HP: 19/22 MP: 0/0
   536 | D:1      | Reached XP level 3. HP: 5/29 MP: 0/0
   536 | D:1      | Learned a level 1 spell: Summon Small Mammal
   629 | D:1      | HP: 2/29 [gnoll/+0 flail (1)]
  1488 | D:1      | Found Yqaytaumn's Assorted Antiques.
  1494 | D:1      | Reached XP level 4. HP: 25/35 MP: 0/0
  3041 | D:2      | Reached XP level 5. HP: 27/40 MP: 0/0
  3041 | D:2      | Learned a level 2 spell: Corpse Rot
  4618 | D:3      | Found a faded altar of an unknown god.
  4840 | D:3      | quinnr: ??metabolic
  4840 | D:3      | beem: metabolic ~ metabolism ~ hunger rate[1/2]: Base
                  | hunger rate is 3, always at least 1. Fast metabolism
                  | increases hunger by 1 per level of the mutation, slow
                  | metabolism 1 or 2 decreases by 1, slow metabolism 3
                  | decreases by 2. Trolls have hunger rate increased by 3 in
                  | addition for a base hunger of 9. For comparison, a {chunk}
                  | gives 1000 nutrition.
  4840 | D:3      | quinnr: ??metabolic englaciation
  4840 | D:3      | beem: metabolic englaciation[1/1]: Level 5 Ice/Hex.
                  | Attempts to slow all non-rC+ monsters in sight. The
                  | duration of the slowing is based on power and reduced by
                  | monster HD (and unaffected by Will). Slows each target for
                  | 3d(pow)/6 - random2(HD) turns. Cold-blooded monsters are
                  | slowed for twice as long.
  4950 | D:4      | Reached XP level 6. HP: 34/46 MP: 0/0
  5282 | D:4      | Noticed Grinder
  5574 | D:4      | Identified the ring of the Swan {Str+3 SInv}
  5867 | D:4      | Reached skill level 5 in Spellcasting
  6007 | D:4      | Noticed Blork the orc
  6015 | D:4      | Killed Blork the orc
  6016 | D:4      | Reached XP level 7. HP: 27/50 MP: 0/0
  6016 | D:4      | Learned a level 3 spell: Conjure Flame
  6446 | D:5      | Entered Level 5 of the Dungeon
  6722 | D:5      | Reached skill level 1 in Maces & Flails
  7011 | D:5      | Noticed a two-headed ogre
  7024 | D:5      | Killed a two-headed ogre
  7025 | D:5      | Reached skill level 5 in Dodging
  7025 | D:5      | Reached XP level 8. HP: 20/58 MP: 0/0
  7384 | D:1      | Bought a large tourmaline ring for 140 gold pieces
  7550 | D:4      | Paralysed by Grinder for 3 turns
  7620 | D:4      | Killed Grinder
  7621 | D:4      | Reached skill level 5 in Fighting
  7621 | D:4      | Reached XP level 9. HP: 30/65 MP: 0/0
  7621 | D:4      | Learned a level 3 spell: Lesser Beckoning
  8349 | D:5      | Reached skill level 1 in Evocations
  9219 | D:6      | Found Paduizam's Assorted Antiques.
  9990 | D:6      | Bought a scroll labelled UFAC AL UZUMP for 28 gold pieces
 10034 | D:6      | quinnr: @?skeleton
 10034 | D:6      | beem: quokka skeleton (Z)
                  | Spd: 10-28
                  | HD: 1
                  | HP: 6-15
                  | | AC/EV: 0/6
                  | Dam: 4
                  | undead, evil, unbreathing
                  | Res:
                  | will(1), cold++, poison+++, drown, miasma, neg+++, torm
                  | | Vul: holy
                  | XP:
     2 | Sz: little | Int: brainless.
 10034 | D:6      | quinnr: @?zombie
 10034 | D:6      | beem: quokka zombie (Z)
                  | Spd: 10-28
                  | HD: 1
                  | HP: 7-19
                  | | AC/EV: 0/8
                  | Dam: 4
                  | undead, evil, unbreathing
                  | Res:
                  | will(1), cold++, poison+++, drown, miasma, neg+++, torm
                  | | Vul: holy
                  | XP:
     2 | Sz: little | Int: brainless.
 10363 | D:6      | Found a staircase to the Ecumenical Temple.
 10590 | D:6      | Noticed a hornet
 10595 | D:6      | Killed a hornet
 11213 | D:6      | Found Rosoptall's Magic Scroll Emporium.
 11217 | D:6      | Bought a scroll of teleportation for 33 gold pieces
 11301 | D:6      | Reached skill level 5 in Stealth
 11653 | D:7      | Reached XP level 10. HP: 43/72 MP: 0/0
 11869 | Temple   | Entered the Ecumenical Temple
 12710 | D:7      | Noticed a deep elf pyromancer
 12861 | D:7      | Identified the +2 mace "Cyedgh" {drain, rElec SInv Stlth-}
 13157 | D:7      | Found a burning altar of Makhleb.
 13184 | D:7      | Became a worshipper of Makhleb the Destroyer
 13246 | D:7      | Killed a deep elf pyromancer
 13861 | D:8      | Found a glowing golden altar of the Shining One.
 14931 | D:8      | Noticed Grum
 14934 | D:8      | Reached XP level 11. HP: 70/81 MP: 0/0
 14934 | D:8      | Learned a level 5 spell: Summon Forest
 14952 | D:8      | Killed Grum
 15661 | D:8      | Reached * piety under Makhleb
 15667 | D:8      | Found a basalt altar of Yredelemnul.
 16299 | D:8      | Found a glowing silver altar of Zin.
 17255 | D:9      | Noticed Joseph
 17262 | D:9      | Killed Joseph
 17657 | D:9      | Noticed Erolcha
 18138 | D:9      | Killed Erolcha
 18210 | D:10     | Entered Level 10 of the Dungeon
 18326 | D:10     | Reached skill level 5 in Evocations
 18459 | D:10     | Noticed a death yak
 18537 | D:10     | Found a staircase to the Lair.
 18540 | D:10     | Noticed a death yak
 18541 | D:10     | Noticed a death yak
 18574 | D:10     | Slain by a death yak

Illustrated notes

Levels and vault maps discovered:
D:1:      tarquinn_simple_flora_water_c, layout_basic, serial_shops,
          nicolae_shop_stone
D:2:      layout_loops_ring
D:3:      layout_loops_ring, chequers_ecumenical_altar_grove
D:4:      layout_gridville, corexii_leaking_fountain, uniq_blork_the_orc,
          uniq_grinder
D:5:      layout_gridville, minmay_between
D:6:      layout_loops_ring, minmay_temple_entry_steel_oval, serial_shops,
          nicolae_shop_trees, shop, minmay_small_thing
D:7:      layout_cave_pools, kennysheep_mini, guppyfry_early_elven_hall
D:8:      layout_loops_cross, kennysheep_little_box,
          lemuel_zombie_altar_yredelemnul, lemuel_tele_altar, grunt_ogre_cave,
          minmay_manual_mail, uniq_grum
D:9:      layout_gridville, special_room [special_room_orc],
          serial_bayou_crossing, uniq_joseph, uniq_erolcha
D:10:     layout_roguey, dpeg_lair_monsters, uniq_maurice
Temple:   dpeg_five_rooms_temple

Skill      XL: |  1  2  3  4  5  6  7  8  9 10 11 |
---------------+----------------------------------+-----
Fighting       | 1 2 3 4 5 6 8 |  8.0
Dodging        | 3 5 6 7 |  7.0
Spellcasting   | 4 5 6 8 |  8.5
Stealth        | 2 4 5 6 |  6.0
Maces & Flails | 2 |  2.0
Throwing       | 2 4 |  4.0
Evocations     | 3 5 |  5.2

Action                   |  1- 3 |  4- 6 |  7- 9 | 10-12 || total
-------------------------+-------+-------+-------+-------++-------
Melee: Dagger            |     1 |    15 |       |       ||    16
       Whip              |       |       |    28 |    77 ||   105
Throw: Stone             |       |     2 |     1 |       ||     3
       Dart              |       |     4 |    13 |     6 ||    23
       Javelin           |       |       |     4 |       ||     4
 Cast: Freeze            |    33 |    40 |    46 |    73 ||   192
       Frozen Ramparts   |     7 |    37 |    37 |    43 ||   124
       Summon Small Mamm |     2 |    17 |    23 |    29 ||    71
       Ozocubu's Armour  |       |    19 |    26 |    25 ||    70
       Corpse Rot        |       |     4 |     5 |     5 ||    14
       Hailstorm         |       |     2 |     6 |    22 ||    30
       Conjure Flame     |       |       |    11 |    18 ||    29
       Lesser Beckoning  |       |       |    20 |    19 ||    39
       Metabolic Englaci |       |       |     3 |     7 ||    10
       Summon Forest     |       |       |       |     9 ||     9
  Use: Scroll            |       |     3 |     8 |     8 ||    19
       Potion            |       |       |     4 |       ||     4
 Stab: Sleeping          |       |       |       |     2 ||     2
Armor: Robe              |     6 |    11 |    16 |    45 ||    78
       Skin              |       |       |     5 |       ||     5
       Acid dragon scale |       |       |       |    30 ||    30
Dodge: Dodged            |    13 |    38 |    59 |   162 ||   272

Table legend: (Time is in decaauts)
 A = Elapsed time spent in this place.
 B = Non-inter-level travel time spent in this place.
 C = Inter-level travel time spent in this place.
 D = Time resting spent in this place.
 E = Time spent auto-exploring this place.
 F = Levels seen in this place.
 G = Mean time per level.
                   A        B        C        D        E       F      G
               +--------+--------+--------+--------+--------+-----+--------+
         Total |  18594 |  17664 |    930 |   5716 |   9453 |  11 | 1690.4 |
       Dungeon |  18301 |  17403 |    898 |   5716 |   9192 |  10 | 1830.1 |
        Temple |    293 |    262 |     31 |      0 |    261 |   1 |  293.0 |
               +--------+--------+--------+--------+--------+-----+--------+

Top non-repeatable levels by time:
     D:8: 2823 daAuts
     D:4: 2700 daAuts
     D:6: 2679 daAuts
     D:1: 2626 daAuts
     D:5: 1587 daAuts
     D:9: 1518 daAuts
     D:7: 1501 daAuts
     D:3: 1382 daAuts
     D:2: 1118 daAuts
    D:10: 362 daAuts
  Temple: 293 daAuts
